 Dungeon Sprint DCSS version 0.29-a0-870-g2c972031a6 (webtiles) character file.

Game seed: 7805433879651040091

772 manyhoops the Grappler (level 8, -1/112 HPs)
             Began as a Human Berserker on July 17, 2022.
             Was a Priest of Trog.
             Slain by a water moccasin (6 damage)
             ... in the Dungeon (Sprint II: "The Violet Keep of Menkaure").
             The game lasted 00:00:57 (171 turns).

manyhoops the Grappler (Human Berserker)             Turns: 171, Time: 00:00:58

Health: -1/112     AC:  2    Str: 20    XL:     8   Next: 9%
Magic:  8/8        EV: 12    Int:  7    God:    Trog [***...]
Gold:   729        SH:  0    Dex: 13    Spells: 7/7 levels left

rFire   . . .      SeeInvis .     - Unarmed
rCold   . . .      Faith    .   (no shield)
rNeg    . . .      Spirit   .   a - +0 animal skin
rPois   .          Reflect  .   (no helmet)
rElec   .          Harm     .   (no cloak)
rCorr   .          Rampage  .   (no gloves)
Will    ++...      NoTele   +   (no boots)
Stlth   ..........              (no amulet)
HPRegen 1.28/turn               (no ring)
MPRegen 0.11/turn               (no ring)

@: berserking, lethally poisoned (-1 -> -19), strong-willed, regenerating, very
quick
A: no striking features
a: Renounce Religion, Berserk, Trog's Hand


You were in the Dungeon.
You worshipped Trog.
Trog was most pleased with you.
You visited 1 branch You collected 729 gold pieces.

Inventory:

Armour
 a - a +0 animal skin (worn)
Scrolls
 g - a scroll of blinking
Potions
 d - a potion of haste
 e - 2 potions of magic
 f - a potion of berserk rage


   Skills:
 + Level 11.5 Fighting
 - Level 2.0 Armour
 - Level 2.0 Dodging
 + Level 12.8 Unarmed Combat


You had 7 spell levels left.
You didn't know any spells.
Your spell library was empty.

Dungeon Overview and Level Annotations

Branches:
Dungeon (1/1)

Altars:

Shops:
D [:(![==(?==!!(:

Annotations:
D exclusion: oklob plant


Message History

You are more poisoned.
The water moccasin poisons you!
You feel better. The water moccasin closely misses you.
Unknown command.
You feel much better.
You recover from your berserk rage.
The water moccasin closely misses you.
You hit the water moccasin.
The water moccasin is moderately wounded.
The water moccasin bites you!
You barely miss the water moccasin.
The water moccasin is moderately wounded.
The water moccasin bites you.
You are poisoned.
The water moccasin poisons you! The water moccasin bites you.
* * * LOW HITPOINT WARNING * * *
You are more poisoned.
The water moccasin poisons you!
A red film seems to cover your vision as you go berserk!
You feel yourself moving faster!
You feel mighty!
You feel very sick. The water moccasin bites you.
* * * LOW HITPOINT WARNING * * *
You punch the water moccasin!
The water moccasin is severely wounded.
You feel very sick. The water moccasin bites you.
* * * LOW HITPOINT WARNING * * *
You are lethally poisoned!
The water moccasin poisons you!
You closely miss the water moccasin. Your punch misses the water moccasin.
The water moccasin is severely wounded.
* * * LOW HITPOINT WARNING * * *
You feel very sick.
You hit the water moccasin.
The water moccasin is severely wounded.
* * * LOW HITPOINT WARNING * * *
You feel very sick. The water moccasin bites you.
You die...

##########≈≈#++
#########≈≈≈...
........#≈≈≈≈.##+##
...⌠....#≈≈≈≈##.#.##
..∩.∩...#≈≈≈≈#..#.†#
.∩.∩.∩..#≈≈# #†#####
..∩.∩.∩.#≈##. #†# #.#
.∩...∩.@#≈#.B$##.##.#
∩.....∩.S≈+ #+.<.'##
.......∩#≈#.B.##.##.#
▓▓▓▓▓▓###≈##. ##†###.#
[HH######≈≈####...####
$.H# ##≈≈≈#..#..# ∩P?
#+#≈##.#.## ≈ [$
#≈≈##'##≈≈≈≈
##≈≈≈≈≈≈≈≈≈≈§


You could see an oklob plant, 3 manticores and a water moccasin.

Vanquished Creatures
  2 wyverns (D)
  4 necrophages (D)
  4 scorpions (D)
10 creatures vanquished.

Vanquished Creatures (others)
  Menkaure (D)
  A water moccasin (D)
2 creatures vanquished.

Grand Total: 12 creatures vanquished

Notes
Turn   | Place    | Note
-------+----------+-------------------------------------------
     0 | D        | manyhoops the Human Berserker began the quest for the Orb.
     0 | D        | Reached XP level 1. HP: 18/18 MP: 1/1
     1 | D        | Noticed a scorpion
     1 | D        | Noticed a scorpion
     5 | D        | Killed a scorpion
     6 | D        | Reached skill level 6 in Unarmed Combat
     6 | D        | Reached XP level 2. HP: 28/28 MP: 2/2
     6 | D        | Reached XP level 3. HP: 34/34 MP: 3/3
     6 | D        | Reached XP level 4. HP: 40/40 MP: 4/4
     8 | D        | Killed a scorpion
     9 | D        | Reached skill level 7 in Unarmed Combat
     9 | D        | Reached XP level 5. HP: 48/48 MP: 5/5
    13 | D        | Reached ** piety under Trog
    14 | D        | Reached skill level 8 in Unarmed Combat
    16 | D        | Reached skill level 9 in Unarmed Combat
    16 | D        | Reached XP level 6. HP: 57/57 MP: 6/6
    44 | D        | Killed Menkaure
    47 | D        | Noticed a wyvern
    47 | D        | Noticed a wyvern
    54 | D        | Killed a wyvern
    55 | D        | Reached skill level 10 in Fighting
    55 | D        | Reached skill level 10 in Unarmed Combat
    55 | D        | Reached XP level 7. HP: 46/66 MP: 7/7
    57 | D        | Killed a wyvern
    58 | D        | Reached skill level 11 in Unarmed Combat
    68 | D        | Noticed a boulder beetle
    68 | D        | Noticed a boulder beetle
   105 | D        | Reached *** piety under Trog
   106 | D        | Reached skill level 12 in Unarmed Combat
   113 | D        | HP: 3/60 [necrophage (1)]
   117 | D        | Reached XP level 8. HP: 6/75 MP: 8/8
   148 | D        | Found Ecoobul's Book Shop.
   149 | D        | Found Zytwiuqa's Distillery.
   149 | D        | Found Jadgh's Antique Weapon Boutique.
   150 | D        | Found Keudwog's Jewellery Shop.
   150 | D        | Found Ohemocs's Distillery.
   151 | D        | Found Elliclif's Magic Scroll Boutique.
   151 | D        | Found Jyulik's Jewellery Boutique.
   152 | D        | Found Neudop's Jewellery Shop.
   152 | D        | Found Muimurip's Antique Weapon Shop.
   153 | D        | Found Ysys's Jewellery Shop.
   153 | D        | Found Biczut's Antique Armour Boutique.
   153 | D        | Noticed a manticore
   156 | D        | Found Titsun's Distillery.
   156 | D        | Found Ydgho's Antique Weapon Boutique.
   156 | D        | Noticed a manticore
   156 | D        | Noticed a manticore
   156 | D        | Noticed an oklob plant
   157 | D        | Found Lijeliuh's Antique Armour Shop.
   157 | D        | Found Ettul's Book Shoppe.
   171 | D        | HP: 5/112 [poisoned by a water moccasin]
   171 | D        | Slain by a water moccasin

Illustrated notes

Levels and vault maps discovered:
D:        the_violet_keep_of_menkaure [sprint2_stairs_cluster_1,
          sprint2_shoproom, sprint2_temple, sprint2_basic_supplies,
          sprint2_obstacle_7, sprint2_obstacle_5, sprint2_obstacle_4,
          sprint2_obstacle_6, sprint2_obstacle_3, sprint2_timed_cluster_1,
          sprint2_smallroom_cluster_1, sprint2_smallroom_final_cluster_1,
          sprint2_transparent_cluster_1, sprint2_second_timed_cluster_1,
          sprint2_sniper_area_1, sprint2_heavy_combat_area_1,
          sprint2_mutation_trap_area_1, sprint2_forest_area_1,
          sprint2_light_combat_area_1, sprint2_behind_water_1,
          sprint2_near_end_vault_1]

Skill      XL: |  1  2  3  4  5  6  7 |
---------------+----------------------+-----
Fighting       | 6 7 8 10 11 | 11.5
Unarmed Combat | 6 7 9 10 12 | 12.8
Armour         | |  2.0
Dodging        | |  2.0

Action                   |  1- 3 |  4- 6 |  7- 9 || total
-------------------------+-------+-------+-------++-------
Melee: Unarmed           |     2 |    12 |    29 ||    43
       Punch             |       |     2 |     5 ||     7
Invok: Berserk           |     1 |     1 |     2 ||     4
       Trog's Hand       |       |       |     3 ||     3
  Use: Potion            |       |       |     2 ||     2
Armor: Animal skin       |     1 |       |     2 ||     3
Dodge: Dodged            |       |     3 |     9 ||    12

Table legend: (Time is in decaauts)
 A = Elapsed time spent in this place.
 B = Non-inter-level travel time spent in this place.
 C = Inter-level travel time spent in this place.
 D = Time resting spent in this place.
 E = Time spent auto-exploring this place.
 F = Levels seen in this place.
 G = Mean time per level.
                   A        B        C        D        E       F      G
               +--------+--------+--------+--------+--------+-----+--------+
         Total |    192 |    192 |      0 |     91 |      0 |   1 |  192.0 |
       Dungeon |    192 |    192 |      0 |     91 |      0 |   1 |  192.0 |
               +--------+--------+--------+--------+--------+-----+--------+

Top non-repeatable levels by time:
       D: 192 daAuts
